WCHLSIM.com - West Coast Hockey League
html PUBLIC "-//W3C//DTD XHTML 1.0 Transitional//EN" "http://www.w3.org/TR/xhtml1/DTD/xhtml1-transitional.dtd"> WCHL - Game 928 - REGINA FALCONS vs PHOENIX MUSTANGS

REGINA FALCONS vs PHOENIX MUSTANGS

Created - 1 mars 2024 at 22:30

Goals
1 2 3 T
REGINA FALCONS 1 2 1 4
PHOENIX MUSTANGS 1 1 0 2
Shots
1 2 3 T
REGINA FALCONS 9 7 6 22
PHOENIX MUSTANGS 9 19 14 42

1st period

1. REGINA FALCONS , Andrei Kuzmenko 19 (Rickard Rakell 35, Marc-Edouard Vlasic 9) at 1:46 (PP)
2. PHOENIX MUSTANGS , Jonathan Miller 27 (Torey Krug 14) at 12:55

Penalties :
Torey Krug (PHX) for Hooking (Minor) at 0:13, Tom Wilson (PHX) for Elbowing (Minor) at 15:26

2nd period

3. PHOENIX MUSTANGS , Conor Sheary 8 (Jesper Fast 5, Kristopher Letang 26) at 5:59
4. REGINA FALCONS , Rickard Rakell 26 (Andrei Kuzmenko 30) at 8:28
5. REGINA FALCONS , Marc-Edouard Vlasic 5 (Rickard Rakell 36, Andrei Kuzmenko 31) at 18:51

Penalties :
Jonathan Miller (PHX) for Hooking (Minor) at 9:57, Jeff Malott (REG) for Boarding (Minor) at 14:50, Kristopher Letang (PHX) for Hooking (Minor) at 19:21

3rd period

6. REGINA FALCONS , Simon Ryfors 1 (Pierre-Olivier Joseph 4, Pavol Regenda 1) at 8:18

Penalties :
Jeff Malott (REG) for Hooking (Minor) at 16:09, Pierre-Olivier Joseph (REG) for Hooking (Minor) at 18:48

Goalie Stats

Anton Khudobin (REG), 40 saves from 42 shots - (0,952), W, 2-9-1, 60:00 minutes
Anton Forsberg (PHX), 3 saves from 3 shots - (1,000), 11:42 minutes
Jake Allen (PHX), 15 saves from 19 shots - (0,789), L, 14-20-2, 48:18 minutes

Players Stats for REGINA FALCONS

Player Name              G  A  P  +/- PIM S  H  SB GA TA FO     MP     PP MP  PK MP  
------------------------------------------------------------------------------------
Alexander Kerfoot        0  0  0  -1  0   2  2  0  0  0  8/26   18:51   2:47   2:06 
Andrei Kuzmenko          1  2  3   2  0   6  0  0  0  0  1/4    25:10   4:43   3:03 
Dominik Kubalik          0  0  0  -1  0   4  1  1  0  0  0/1    18:51   2:47   2:06 
Egor Afanasyev           0  0  0  -1  0   0  0  0  0  0  1/5     5:28   0:00   0:00 
Eric Robinson            0  0  0   0  0   0  0  0  0  0  0/0     2:42   0:00   0:00 
Jeff Malott              0  0  0   0  4   0  1  0  0  0  0/0    15:57   0:00   0:00 
Logan Stanley            0  0  0  -1  0   0  1  0  0  0  0/0     5:16   0:00   0:00 
Marc-Edouard Vlasic      1  1  2   1  0   2  0  3  0  0  0/0    22:18   4:43   2:47 
Marco Scandella          0  0  0   0  0   0  1  0  0  0  0/0    21:18   2:47   2:22 
Max Jones                0  0  0   2  0   0  3  0  0  0  0/0    17:35   4:43   0:00 
Patric Hornqvist         0  0  0  -1  0   1  0  0  0  0  0/1    16:27   2:47   0:00 
Pavol Regenda            0  1  1   1  0   0  1  0  0  0  0/2    15:21   0:00   0:00 
Peetro Seppala           0  0  0   0  0   0  2  0  0  0  0/0    14:15   0:00   0:33 
Pierre-Olivier Joseph    0  1  1   0  2   0  0  0  0  0  0/0    20:44   2:47   1:49 
Rickard Rakell           1  2  3   2  0   3  0  0  0  0  12/32  25:10   4:43   3:03 
Ryker Evans              0  0  0   0  0   1  2  1  0  0  0/0    13:42   0:00   0:00 
Simon Ryfors             1  0  1   0  0   3  0  0  0  0  4/13   15:59   0:00   0:00 
Zach Bogosian            0  0  0   2  0   0  2  1  0  0  0/0    19:44   4:43   2:47 

Players Stats for PHOENIX MUSTANGS

Player Name              G  A  P  +/- PIM S  H  SB GA TA FO     MP     PP MP  PK MP  
------------------------------------------------------------------------------------
Andreas Athanasiou       0  0  0   0  0   5  0  0  0  0  0/1    16:55   2:33   0:00 
Andrew Copp              0  0  0   0  0   7  0  0  0  0  11/18  20:35   2:36   4:23 
Arthur Kaliyev           0  0  0  -1  0   2  1  0  0  0  0/0    11:14   0:00   0:41 
Chris Terry              0  0  0   0  0   1  1  0  0  0  0/0     9:29   0:00   0:00 
Christian Fischer        0  0  0   0  0   3  0  0  0  0  0/2    12:05   2:36   0:00 
Connor Clifton           0  0  0  -2  0   0  0  0  0  0  0/0    13:13   1:10   0:22 
Conor Sheary             1  0  1   0  0   3  0  0  0  0  0/1    14:38   0:00   1:41 
Gavin Bayreuther         0  0  0   0  0   0  0  0  0  0  0/0     0:00   0:00   0:00 
Ilya Lyubushkin          0  0  0  -2  0   1  0  1  0  0  0/0    15:41   0:00   4:00 
Jeff Petry               0  0  0  -1  0   3  0  2  0  0  0/0    25:44   3:59   4:14 
Jesper Fast              0  1  1  -1  0   0  1  0  0  0  1/2    21:16   0:00   0:00 
John Klingberg           0  0  0   0  0   0  0  0  0  0  0/0     0:00   0:00   0:00 
Jonathan Miller          1  0  1   0  2   9  2  1  0  0  33/43  29:35   2:36   3:51 
Juuso Parssinen          0  0  0  -1  0   1  0  0  0  0  13/17  13:50   2:33   0:44 
Kristopher Letang        0  1  1   2  2   2  0  1  0  0  0/0    24:40   3:59   2:33 
Radko Gudas              0  0  0  -1  0   0  2  3  0  0  0/0    21:22   0:00   3:51 
Tom Wilson               0  0  0   0  2   4  2  1  0  0  0/0    22:51   2:33   3:40 
Torey Krug               0  1  1   2  2   1  0  1  0  0  0/0    19:18   1:10   0:00 

3 Stars

1 - Rickard Rakell (REG)
2 - Andrei Kuzmenko (REG)
3 - Anton Khudobin (REG)

Power Play

REGINA FALCONS - 1 on 4 Attempt(s) - 25,00%
PHOENIX MUSTANGS - 0 on 3 Attempt(s) - 0,00%

Penalty Kill

REGINA FALCONS - 3 on 3 Attempt(s) - 100,00% - Score 0 goal in Penalty Kill
PHOENIX MUSTANGS - 3 on 4 Attempt(s) - 75,00% - Score 0 goal in Penalty Kill

Team Stat

REGINA FALCONS - Hits : 16 - Faceoff Wins : 26 - Blocked Shots : 6 - Penalty Minutes : 6
PHOENIX MUSTANGS - Hits : 9 - Faceoff Wins : 58 - Blocked Shots : 10 - Penalty Minutes : 8

Official

Referees : Francis Charron and Justin St. Pierre
Linesman : Travis Gawryletz and Brad Kovachik

Game Notes

Anton Forsberg enters game at 8:18 of 3rd period

Finance

Level 1 -- Attendance: 5536 (85,17%) -- Ticket Income 968 800 $
Level 2 -- Attendance: 5850 (100,00%) -- Ticket Income 643 500 $
Level 3 -- Attendance: 2084 (69,47%) -- Ticket Income 208 400 $
Level 4 -- Attendance: 3489 (87,23%) -- Ticket Income 261 675 $
Luxury Box -- Attendance: 852 (85,20%) -- Ticket Income 298 200 $
Game was played at the Mustangs Palace.
Total Attendance: 17811 (87,52%)
Total Ticket Income: 2 380 575 $
Other Expense: 23 806 $
Total Income: 2 356 769 $

REGINA FALCONS

5 vs 5 Forward 
   Center                   Left Wing                Right Wing               Time % Phy DF OF 
 1 Rickard Rakell           Andrei Kuzmenko          Max Jones                36     1   2  2  
 2 Alexander Kerfoot        Dominik Kubalik          Patric Hornqvist         31     1   2  2  
 3 Simon Ryfors             Jeff Malott              Pavol Regenda            23     1   2  2  
 4 Egor Afanasyev           Rickard Rakell           Andrei Kuzmenko          10     1   2  2  

5 vs 5 Defense 
   Defense                  Defense                                           Time % Phy DF OF 
 1 Marc-Edouard Vlasic      Zach Bogosian                                     36     1   2  2  
 2 Marco Scandella          Pierre-Olivier Joseph                             31     1   2  2  
 3 Ryker Evans              Peetro Seppala                                    23     1   2  2  
 4 Logan Stanley            Marc-Edouard Vlasic                               10     1   2  2  

PowerPlay Forward 
   Center                   Left Wing                Right Wing               Time % Phy DF OF 
 1 Rickard Rakell           Andrei Kuzmenko          Max Jones                55     1   2  2  
 2 Alexander Kerfoot        Dominik Kubalik          Patric Hornqvist         45     1   2  2  

PowerPlay Defense
   Defense                  Defense                                           Time % Phy DF OF 
 1 Marc-Edouard Vlasic      Zach Bogosian                                     55     1   2  2  
 2 Marco Scandella          Pierre-Olivier Joseph                             45     1   2  2  

Penalty Kill 4 Players Forward 
   Center                   Wing                     Time % Phy DF OF 
 1 Rickard Rakell           Andrei Kuzmenko          55     1   2  2  
 2 Dominik Kubalik          Alexander Kerfoot        45     1   2  2  

Penalty Kill 4 Players Defense
   Defense                  Defense                  Time % Phy DF OF 
 1 Marc-Edouard Vlasic      Zach Bogosian            55     1   2  2  
 2 Marco Scandella          Pierre-Olivier Joseph    45     1   2  2  

Penalty Kill - 3 Players Forward 
   Forward                                           Time % Phy DF OF 
 1 Rickard Rakell                                    55     1   2  2  
 2 Andrei Kuzmenko                                   45     1   2  2  

Penalty Kill - 3 Players Defense
   Defense                  Defense                  Time % Phy DF OF 
 1 Peetro Seppala           Zach Bogosian            55     1   2  2  
 2 Marco Scandella          Pierre-Olivier Joseph    45     1   2  2  

4 vs 4 Forward 
   Center                   Wing                     Time % Phy DF OF 
 1 Rickard Rakell           Andrei Kuzmenko          55     1   2  2  
 2 Dominik Kubalik          Alexander Kerfoot        45     1   2  2  

4 vs 4 Defense
   Defense                  Defense                  Time % Phy DF OF 
 1 Ryker Evans              Zach Bogosian            55     1   2  2  
 2 Marco Scandella          Pierre-Olivier Joseph    45     1   2  2  

Last Minutes Offensive
   Center                   Left Wing                Right Wing               Defense                  Defense                  
   Rickard Rakell           Andrei Kuzmenko          Max Jones                Marc-Edouard Vlasic      Zach Bogosian            

Last Minutes Defensive
   Center                   Left Wing                Right Wing               Defense                  Defense                  
   Rickard Rakell           Andrei Kuzmenko          Max Jones                Marc-Edouard Vlasic      Zach Bogosian            

Goaltenders
Starting : Anton Khudobin           
Backup : Craig Anderson           

Extra Forwards
Normal : Simon Ryfors, Jeff Malott, Pavol Regenda - PP : Simon Ryfors, Jeff Malott - PK : Pavol Regenda
Extra Defensemen
Normal : Ryker Evans, Peetro Seppala, Logan Stanley - PP : Ryker Evans - PK : Peetro Seppala, Logan Stanley
Penalty Shots
Rickard Rakell, Andrei Kuzmenko, Dominik Kubalik, Alexander Kerfoot, Max Jones
Custom OT Lines Forwards
Rickard Rakell, Andrei Kuzmenko, Dominik Kubalik, Alexander Kerfoot, Max Jones, Simon Ryfors, Patric Hornqvist, Jeff Malott, Pavol Regenda, Egor Afanasyev
Custom OT Lines Defensemen
Logan Stanley, Zach Bogosian, Marco Scandella, Pierre-Olivier Joseph, Ryker Evans

Scratches
Jacob Peterson (Back Spasms Injury), Filip Roos (Bruised Right Shoulder Injury), Sammy Walker (Healthy), Chris Driedger (Healthy)

PHOENIX MUSTANGS

5 vs 5 Forward 
   Center                   Left Wing                Right Wing               Time % Phy DF OF 
 1 Jonathan Miller          Andreas Athanasiou       Tom Wilson               39     1   2  2  
 2 Andrew Copp              Conor Sheary             Jesper Fast              31     1   2  2  
 3 Juuso Parssinen          Arthur Kaliyev           Jesper Fast              22     1   2  2  
 4 Jonathan Miller          Chris Terry              Christian Fischer        8      1   2  2  

5 vs 5 Defense 
   Defense                  Defense                                           Time % Phy DF OF 
 1 Kristopher Letang        Torey Krug                                        42     1   2  2  
 2 Radko Gudas              Jeff Petry                                        35     1   2  2  
 3 Connor Clifton           Ilya Lyubushkin                                   23     1   2  2  
 4 Jeff Petry               Torey Krug                                        0      1   2  2  

PowerPlay Forward 
   Center                   Left Wing                Right Wing               Time % Phy DF OF 
 1 Jonathan Miller          Andrew Copp              Christian Fischer        55     1   2  2  
 2 Juuso Parssinen          Andreas Athanasiou       Tom Wilson               45     1   2  2  

PowerPlay Defense
   Defense                  Defense                                           Time % Phy DF OF 
 1 Kristopher Letang        Jeff Petry                                        60     1   2  2  
 2 Torey Krug               Connor Clifton                                    40     1   2  2  

Penalty Kill 4 Players Forward 
   Center                   Wing                     Time % Phy DF OF 
 1 Jonathan Miller          Tom Wilson               55     1   2  2  
 2 Andrew Copp              Conor Sheary             45     1   2  2  

Penalty Kill 4 Players Defense
   Defense                  Defense                  Time % Phy DF OF 
 1 Jeff Petry               Radko Gudas              60     1   2  2  
 2 Ilya Lyubushkin          Kristopher Letang        40     1   2  2  

Penalty Kill - 3 Players Forward 
   Forward                                           Time % Phy DF OF 
 1 Andrew Copp                                       50     1   2  2  
 2 Jonathan Miller                                   50     1   2  2  

Penalty Kill - 3 Players Defense
   Defense                  Defense                  Time % Phy DF OF 
 1 Jeff Petry               Kristopher Letang        55     1   2  2  
 2 Radko Gudas              Torey Krug               45     1   2  2  

4 vs 4 Forward 
   Center                   Wing                     Time % Phy DF OF 
 1 Jonathan Miller          Tom Wilson               50     1   2  2  
 2 Andrew Copp              Conor Sheary             50     1   2  2  

4 vs 4 Defense
   Defense                  Defense                  Time % Phy DF OF 
 1 Jeff Petry               Torey Krug               60     1   2  2  
 2 Radko Gudas              Kristopher Letang        40     1   2  2  

Last Minutes Offensive
   Center                   Left Wing                Right Wing               Defense                  Defense                  
   Jonathan Miller          Tom Wilson               Christian Fischer        Jeff Petry               Kristopher Letang        

Last Minutes Defensive
   Center                   Left Wing                Right Wing               Defense                  Defense                  
   Jonathan Miller          Andrew Copp              Christian Fischer        Jeff Petry               Kristopher Letang        

Goaltenders
Starting : Jake Allen               
Backup : Anton Forsberg           

Extra Forwards
Normal : Jonathan Miller, Tom Wilson, Andrew Copp - PP : Andrew Copp, Jonathan Miller - PK : Andrew Copp
Extra Defensemen
Normal : Kristopher Letang, Jeff Petry, Radko Gudas - PP : Torey Krug - PK : Radko Gudas, Jeff Petry
Penalty Shots
Jonathan Miller, Tom Wilson, Kristopher Letang, Andreas Athanasiou, Andrew Copp
Custom OT Lines Forwards
Jonathan Miller, Chris Terry, Tom Wilson, Andrew Copp, Andreas Athanasiou, Juuso Parssinen, Jesper Fast, Conor Sheary, Christian Fischer, Arthur Kaliyev
Custom OT Lines Defensemen
Kristopher Letang, Jeff Petry, Torey Krug, Connor Clifton, Radko Gudas

Scratches
Alex Barre-Boulet (Healthy), Adam Ruzicka (Healthy)

% Time on Ice - REGINA FALCONS

Lines # - Real PCT - Wanted PCT - Time Play
Normal Forward
1 - 27% - 36% - 12:52
2 - 29% - 31% - 13:58
3 - 34% - 23% - 15:59
4 - 10% - 10% - 4:32
Normal Defense
1 - 26% - 36% - 12:14
2 - 34% - 31% - 16:09
3 - 29% - 23% - 13:42
4 - 11% - 10% - 5:16
PP Forward
1 - 63% - 55% - 4:43
2 - 37% - 45% - 2:47
PP Defense
1 - 63% - 55% - 4:43
2 - 37% - 45% - 2:47
PK Forward
1 - 59% - 55% - 3:03
2 - 41% - 45% - 2:06
PK Defense
1 - 54% - 55% - 2:47
2 - 46% - 45% - 2:22
PK3 Forward
1 - 0% - 55%
2 - 0% - 45%
PK3 Defense
1 - 0% - 55%
2 - 0% - 45%
44 Forward
1 - 0% - 55%
2 - 0% - 45%
44 Defense
1 - 0% - 55%
2 - 0% - 45%
Last Minute Offensive  - 0:00
Last Minute Defensive  - 0:00
Total
Forward - 60:00
Defense - 60:00

% Time on Ice - PHOENIX MUSTANGS

Lines # - Real PCT - Wanted PCT - Time Play
Normal Forward
1 - 30% - 39% - 14:22
2 - 27% - 31% - 12:57
3 - 22% - 22% - 10:33
4 - 20% - 8% - 9:29
Normal Defense
1 - 38% - 42% - 18:09
2 - 37% - 35% - 17:31
3 - 25% - 23% - 11:41
4 - 0% - 0% - 0:00
PP Forward
1 - 50% - 55% - 2:36
2 - 50% - 45% - 2:33
PP Defense
1 - 77% - 60% - 3:59
2 - 23% - 40% - 1:10
PK Forward
1 - 78% - 55% - 5:49
2 - 22% - 45% - 1:41
PK Defense
1 - 47% - 60% - 3:30
2 - 53% - 40% - 4:00
PK3 Forward
1 - 0% - 50%
2 - 0% - 50%
PK3 Defense
1 - 0% - 55%
2 - 0% - 45%
44 Forward
1 - 0% - 50%
2 - 0% - 50%
44 Defense
1 - 0% - 60%
2 - 0% - 40%
Last Minute Offensive  - 0:00
Last Minute Defensive  - 0:00
Total
Forward - 60:00
Defense - 60:00

Play-by-Play

1st period


0:01 of 1st period - Jonathan Miller wins face-off versus Rickard Rakell in neutral zone.
0:04 of 1st period - Shot by Kristopher Letang.
0:04 of 1st period - Shot Misses the Net.
0:13 of 1st period - Minor Penalty to Torey Krug for Hooking.
0:14 of 1st period - Jonathan Miller wins face-off versus Alexander Kerfoot in PHOENIX MUSTANGS zone.
0:56 of 1st period - Icing by Pierre-Olivier Joseph.
0:57 of 1st period - Andrew Copp wins face-off versus Alexander Kerfoot in REGINA FALCONS zone.
1:14 of 1st period - Shot by Rickard Rakell.
1:14 of 1st period - Stopped by Jake Allen without a rebound.
1:15 of 1st period - Jonathan Miller wins face-off versus Rickard Rakell in PHOENIX MUSTANGS zone.
1:46 of 1st period - Shot by Andrei Kuzmenko.
1:46 of 1st period - Goal by Andrei Kuzmenko - REGINA FALCONS : 1 - PHOENIX MUSTANGS : 0.
1:47 of 1st period - Simon Ryfors wins face-off versus Andrew Copp in neutral zone.
1:54 of 1st period - Shot by Simon Ryfors.
1:54 of 1st period - Stopped by Jake Allen without a rebound.
1:55 of 1st period - Andrew Copp wins face-off versus Simon Ryfors in PHOENIX MUSTANGS zone.
3:23 of 1st period - Pierre-Olivier Joseph is hit by Jonathan Miller and loses puck.
6:31 of 1st period - Shot by Christian Fischer.
6:31 of 1st period - Stopped by Anton Khudobin without a rebound.
6:32 of 1st period - Alexander Kerfoot wins face-off versus Jonathan Miller in REGINA FALCONS zone.
7:43 of 1st period - Shot by Conor Sheary.
7:43 of 1st period - Shot Misses the Net.
10:12 of 1st period - Shot by Conor Sheary.
10:12 of 1st period - Shot Misses the Net.
11:19 of 1st period - Shot by Juuso Parssinen.
11:19 of 1st period - Deflect By Arthur Kaliyev.
11:19 of 1st period - Stopped by Anton Khudobin without a rebound.
11:20 of 1st period - Jonathan Miller wins face-off versus Alexander Kerfoot in REGINA FALCONS zone.
11:20 of 1st period - Jonathan Miller is hit by Peetro Seppala.
11:24 of 1st period - Shot by Jonathan Miller.
11:24 of 1st period - Stopped by Anton Khudobin without a rebound.
11:25 of 1st period - Jonathan Miller wins face-off versus Alexander Kerfoot in REGINA FALCONS zone.
11:30 of 1st period - Shot by Andreas Athanasiou.
11:30 of 1st period - Shot Misses the Net.
11:40 of 1st period - Shot by Tom Wilson.
11:40 of 1st period - Shot Blocked by Ryker Evans.
12:26 of 1st period - Jeff Petry is hit by Logan Stanley and loses puck.
12:55 of 1st period - Shot by Jonathan Miller.
12:55 of 1st period - Goal by Jonathan Miller - REGINA FALCONS : 1 - PHOENIX MUSTANGS : 1.
12:56 of 1st period - Alexander Kerfoot wins face-off versus Andreas Athanasiou in neutral zone.
13:13 of 1st period - Shot by Andreas Athanasiou.
13:13 of 1st period - Stopped by Anton Khudobin without a rebound.
13:14 of 1st period - Juuso Parssinen wins face-off versus Simon Ryfors in REGINA FALCONS zone.
13:21 of 1st period - Shot by Arthur Kaliyev.
13:21 of 1st period - Stopped by Anton Khudobin without a rebound.
13:22 of 1st period - Andrew Copp wins face-off versus Alexander Kerfoot in REGINA FALCONS zone.
13:39 of 1st period - Shot by Dominik Kubalik.
13:39 of 1st period - Deflect By Alexander Kerfoot.
13:39 of 1st period - Stopped by Jake Allen with a rebound.
13:41 of 1st period - Shot by Marc-Edouard Vlasic.
13:41 of 1st period - Stopped by Jake Allen without a rebound.
13:42 of 1st period - Jonathan Miller wins face-off versus Simon Ryfors in PHOENIX MUSTANGS zone.
14:45 of 1st period - Shot by Torey Krug.
14:45 of 1st period - Stopped by Anton Khudobin with a rebound.
14:49 of 1st period - Shot by Juuso Parssinen.
14:49 of 1st period - Stopped by Anton Khudobin without a rebound.
14:50 of 1st period - Andrew Copp wins face-off versus Alexander Kerfoot in REGINA FALCONS zone.
15:01 of 1st period - Conor Sheary is hit by Dominik Kubalik.
15:11 of 1st period - Shot by Andrew Copp.
15:11 of 1st period - Stopped by Anton Khudobin with a rebound.
15:14 of 1st period - Conor Sheary is hit by Peetro Seppala and loses puck.
15:24 of 1st period - Icing by Peetro Seppala.
15:25 of 1st period - Alexander Kerfoot wins face-off versus Jonathan Miller in REGINA FALCONS zone.
15:25 of 1st period - Dominik Kubalik is hit by Tom Wilson and loses puck.
15:26 of 1st period - Minor Penalty to Tom Wilson for Elbowing.
15:27 of 1st period - Rickard Rakell wins face-off versus Andrew Copp in PHOENIX MUSTANGS zone.
15:38 of 1st period - Shot by Andrei Kuzmenko.
15:38 of 1st period - Stopped by Jake Allen without a rebound.
15:39 of 1st period - Jonathan Miller wins face-off versus Rickard Rakell in PHOENIX MUSTANGS zone.
15:44 of 1st period - Shot by Jonathan Miller.
15:44 of 1st period - Shot Blocked by Marc-Edouard Vlasic.
15:46 of 1st period - Shot by Jeff Petry.
15:46 of 1st period - Shot Blocked by Zach Bogosian.
16:14 of 1st period - Shot by Andrei Kuzmenko.
16:14 of 1st period - Shot Blocked by Ilya Lyubushkin.
16:16 of 1st period - Shot by Zach Bogosian.
16:16 of 1st period - Shot Misses the Net.
16:54 of 1st period - Shot by Patric Hornqvist.
16:54 of 1st period - Stopped by Jake Allen without a rebound.
16:55 of 1st period - Juuso Parssinen wins face-off versus Rickard Rakell in PHOENIX MUSTANGS zone.
17:03 of 1st period - Icing by Marc-Edouard Vlasic.
17:04 of 1st period - Juuso Parssinen wins face-off versus Rickard Rakell in REGINA FALCONS zone.
17:26 of 1st period - Shot by Andrei Kuzmenko.
17:26 of 1st period - Stopped by Jake Allen with a rebound.
19:12 of 1st period - Icing by Jeff Petry.
19:13 of 1st period - Rickard Rakell wins face-off versus Juuso Parssinen in PHOENIX MUSTANGS zone.
19:26 of 1st period - Icing by Jeff Petry.
19:27 of 1st period - Juuso Parssinen wins face-off versus Egor Afanasyev in PHOENIX MUSTANGS zone.
19:53 of 1st period - Shot by Rickard Rakell.
19:53 of 1st period - Shot Misses the Net.
19:55 of 1st period - Shot by Andrei Kuzmenko.
19:55 of 1st period - Shot Blocked by Radko Gudas.
19:57 of 1st period - Shot by Andrei Kuzmenko.
19:57 of 1st period - Stopped by Jake Allen with a rebound.
19:59 of 1st period - Shot by Logan Stanley.
19:59 of 1st period - Shot Misses the Net.
Goals for this period are 1 for REGINA FALCONS vs 1 for PHOENIX MUSTANGS.
Shots for this period are 9 for REGINA FALCONS vs 9 for PHOENIX MUSTANGS.

2nd period


0:01 of 2nd period - Rickard Rakell wins face-off versus Jonathan Miller in neutral zone.
0:18 of 2nd period - Shot by Jonathan Miller.
0:18 of 2nd period - Shot Misses the Net.
0:25 of 2nd period - Icing by Marc-Edouard Vlasic.
0:26 of 2nd period - Rickard Rakell wins face-off versus Andrew Copp in REGINA FALCONS zone.
0:37 of 2nd period - Shot by Andrew Copp.
0:37 of 2nd period - Stopped by Anton Khudobin without a rebound.
0:38 of 2nd period - Jonathan Miller wins face-off versus Alexander Kerfoot in REGINA FALCONS zone.
0:49 of 2nd period - Shot by Tom Wilson.
0:49 of 2nd period - Stopped by Anton Khudobin without a rebound.
0:50 of 2nd period - Andrew Copp wins face-off versus Egor Afanasyev in REGINA FALCONS zone.
1:03 of 2nd period - Shot by Andrew Copp.
1:03 of 2nd period - Stopped by Anton Khudobin without a rebound.
1:04 of 2nd period - Jonathan Miller wins face-off versus Alexander Kerfoot in REGINA FALCONS zone.
1:09 of 2nd period - Shot by Jonathan Miller.
1:09 of 2nd period - Stopped by Anton Khudobin without a rebound.
1:10 of 2nd period - Jonathan Miller wins face-off versus Rickard Rakell in REGINA FALCONS zone.
1:14 of 2nd period - Icing by Marc-Edouard Vlasic.
1:15 of 2nd period - Jonathan Miller wins face-off versus Rickard Rakell in REGINA FALCONS zone.
3:05 of 2nd period - Icing by Marco Scandella.
3:06 of 2nd period - Alexander Kerfoot wins face-off versus Christian Fischer in REGINA FALCONS zone.
3:06 of 2nd period - Alexander Kerfoot is hit by Chris Terry.
3:27 of 2nd period - Shot by Christian Fischer.
3:27 of 2nd period - Stopped by Anton Khudobin without a rebound.
3:28 of 2nd period - Juuso Parssinen wins face-off versus Simon Ryfors in REGINA FALCONS zone.
3:46 of 2nd period - Arthur Kaliyev is hit by Ryker Evans and loses puck.
3:55 of 2nd period - Ryker Evans is hit by Arthur Kaliyev and loses puck.
4:28 of 2nd period - Shot by Jonathan Miller.
4:28 of 2nd period - Deflect By Andreas Athanasiou.
4:28 of 2nd period - Stopped by Anton Khudobin without a rebound.
4:29 of 2nd period - Jonathan Miller wins face-off versus Egor Afanasyev in REGINA FALCONS zone.
5:25 of 2nd period - Icing by Rickard Rakell.
5:26 of 2nd period - Egor Afanasyev wins face-off versus Conor Sheary in REGINA FALCONS zone.
5:57 of 2nd period - Shot by Conor Sheary.
5:57 of 2nd period - Shot Misses the Net.
5:59 of 2nd period - Shot by Jesper Fast.
5:59 of 2nd period - Deflect By Conor Sheary.
5:59 of 2nd period - Goal by Conor Sheary - REGINA FALCONS : 1 - PHOENIX MUSTANGS : 2.
6:00 of 2nd period - Jonathan Miller wins face-off versus Simon Ryfors in neutral zone.
6:13 of 2nd period - Shot by Jonathan Miller.
6:13 of 2nd period - Stopped by Anton Khudobin without a rebound.
6:14 of 2nd period - Jonathan Miller wins face-off versus Alexander Kerfoot in REGINA FALCONS zone.
7:17 of 2nd period - Icing by Ryker Evans.
7:18 of 2nd period - Juuso Parssinen wins face-off versus Simon Ryfors in REGINA FALCONS zone.
8:09 of 2nd period - Shot by Rickard Rakell.
8:09 of 2nd period - Stopped by Jake Allen with a rebound.
8:28 of 2nd period - Shot by Rickard Rakell.
8:28 of 2nd period - Goal by Rickard Rakell - REGINA FALCONS : 2 - PHOENIX MUSTANGS : 2.
8:29 of 2nd period - Alexander Kerfoot wins face-off versus Jonathan Miller in neutral zone.
9:06 of 2nd period - Alexander Kerfoot is hit by Tom Wilson.
9:07 of 2nd period - Off-side.
9:08 of 2nd period - Rickard Rakell wins face-off versus Christian Fischer in neutral zone.
9:10 of 2nd period - Off-side.
9:11 of 2nd period - Jonathan Miller wins face-off versus Rickard Rakell in neutral zone.
9:16 of 2nd period - Shot by Jonathan Miller.
9:16 of 2nd period - Deflect By Chris Terry.
9:16 of 2nd period - Stopped by Anton Khudobin without a rebound.
9:17 of 2nd period - Jonathan Miller wins face-off versus Rickard Rakell in REGINA FALCONS zone.
9:22 of 2nd period - Shot by Tom Wilson.
9:22 of 2nd period - Stopped by Anton Khudobin with a rebound.
9:24 of 2nd period - Shot by Jeff Petry.
9:24 of 2nd period - Stopped by Anton Khudobin with a rebound.
9:57 of 2nd period - Minor Penalty to Jonathan Miller for Hooking.
9:58 of 2nd period - Andrew Copp wins face-off versus Alexander Kerfoot in PHOENIX MUSTANGS zone.
10:08 of 2nd period - Icing by Pierre-Olivier Joseph.
10:09 of 2nd period - Andrew Copp wins face-off versus Alexander Kerfoot in REGINA FALCONS zone.
10:51 of 2nd period - Off-side.
10:52 of 2nd period - Rickard Rakell wins face-off versus Andrew Copp in neutral zone.
12:03 of 2nd period - Kristopher Letang is hit by Pavol Regenda.
13:03 of 2nd period - Shot by Andrei Kuzmenko.
13:03 of 2nd period - Deflect By Rickard Rakell.
13:03 of 2nd period - Shot Misses the Net.
13:28 of 2nd period - Shot by Alexander Kerfoot.
13:28 of 2nd period - Shot Misses the Net.
13:30 of 2nd period - Shot by Alexander Kerfoot.
13:30 of 2nd period - Stopped by Jake Allen without a rebound.
13:31 of 2nd period - Alexander Kerfoot wins face-off versus Juuso Parssinen in PHOENIX MUSTANGS zone.
13:32 of 2nd period - Shot by Dominik Kubalik.
13:32 of 2nd period - Stopped by Jake Allen without a rebound.
13:33 of 2nd period - Juuso Parssinen wins face-off versus Alexander Kerfoot in PHOENIX MUSTANGS zone.
14:01 of 2nd period - Shot by Dominik Kubalik.
14:01 of 2nd period - Shot Misses the Net.
14:12 of 2nd period - Icing by Jesper Fast.
14:13 of 2nd period - Juuso Parssinen wins face-off versus Andrei Kuzmenko in PHOENIX MUSTANGS zone.
14:23 of 2nd period - Arthur Kaliyev is hit by Ryker Evans and loses puck.
14:27 of 2nd period - Icing by Andrei Kuzmenko.
14:28 of 2nd period - Rickard Rakell wins face-off versus Jonathan Miller in REGINA FALCONS zone.
14:28 of 2nd period - Rickard Rakell is hit by Jonathan Miller.
14:48 of 2nd period - Shot by Andrei Kuzmenko.
14:48 of 2nd period - Stopped by Jake Allen without a rebound.
14:49 of 2nd period - Andrew Copp wins face-off versus Simon Ryfors in PHOENIX MUSTANGS zone.
14:49 of 2nd period - Andrew Copp is hit by Jeff Malott.
14:50 of 2nd period - Minor Penalty to Jeff Malott for Boarding.
14:51 of 2nd period - Rickard Rakell wins face-off versus Juuso Parssinen in REGINA FALCONS zone.
15:34 of 2nd period - Shot by Andreas Athanasiou.
15:34 of 2nd period - Stopped by Anton Khudobin without a rebound.
15:35 of 2nd period - Jonathan Miller wins face-off versus Dominik Kubalik in REGINA FALCONS zone.
15:38 of 2nd period - Shot by Christian Fischer.
15:38 of 2nd period - Shot Misses the Net.
15:40 of 2nd period - Shot by Torey Krug.
15:40 of 2nd period - Shot Blocked by Dominik Kubalik.
15:42 of 2nd period - Shot by Torey Krug.
15:42 of 2nd period - Shot Misses the Net.
15:58 of 2nd period - Shot by Andrew Copp.
15:58 of 2nd period - Shot Misses the Net.
16:16 of 2nd period - Shot by Jonathan Miller.
16:16 of 2nd period - Shot Misses the Net.
16:18 of 2nd period - Shot by Christian Fischer.
16:18 of 2nd period - Stopped by Anton Khudobin without a rebound.
16:19 of 2nd period - Juuso Parssinen wins face-off versus Alexander Kerfoot in REGINA FALCONS zone.
16:40 of 2nd period - Shot by Kristopher Letang.
16:40 of 2nd period - Stopped by Anton Khudobin without a rebound.
16:41 of 2nd period - Jonathan Miller wins face-off versus Rickard Rakell in REGINA FALCONS zone.
16:54 of 2nd period - Shot by Jesper Fast.
16:54 of 2nd period - Deflect By Andrew Copp.
16:54 of 2nd period - Stopped by Anton Khudobin without a rebound.
16:55 of 2nd period - Jonathan Miller wins face-off versus Alexander Kerfoot in REGINA FALCONS zone.
17:04 of 2nd period - Shot by Jonathan Miller.
17:04 of 2nd period - Stopped by Anton Khudobin without a rebound.
17:05 of 2nd period - Simon Ryfors wins face-off versus Andrew Copp in REGINA FALCONS zone.
17:05 of 2nd period - Simon Ryfors is hit by Radko Gudas.
17:29 of 2nd period - Shot by Conor Sheary.
17:29 of 2nd period - Stopped by Anton Khudobin without a rebound.
17:30 of 2nd period - Jonathan Miller wins face-off versus Rickard Rakell in REGINA FALCONS zone.
17:31 of 2nd period - Shot by Andreas Athanasiou.
17:31 of 2nd period - Stopped by Anton Khudobin with a rebound.
17:33 of 2nd period - Shot by Kristopher Letang.
17:33 of 2nd period - Stopped by Anton Khudobin without a rebound.
17:34 of 2nd period - Rickard Rakell wins face-off versus Jonathan Miller in REGINA FALCONS zone.
17:52 of 2nd period - Shot by Andrei Kuzmenko.
17:52 of 2nd period - Stopped by Jake Allen without a rebound.
17:53 of 2nd period - Andrew Copp wins face-off versus Patric Hornqvist in PHOENIX MUSTANGS zone.
17:53 of 2nd period - Andrew Copp is hit by Alexander Kerfoot.
18:28 of 2nd period - Dominik Kubalik is hit by Radko Gudas and loses puck.
18:47 of 2nd period - Shot by Rickard Rakell.
18:47 of 2nd period - Shot Blocked by Radko Gudas.
18:49 of 2nd period - Shot by Marc-Edouard Vlasic.
18:49 of 2nd period - Shot Misses the Net.
18:51 of 2nd period - Shot by Marc-Edouard Vlasic.
18:51 of 2nd period - Goal by Marc-Edouard Vlasic - REGINA FALCONS : 3 - PHOENIX MUSTANGS : 2.
18:52 of 2nd period - Jonathan Miller wins face-off versus Pavol Regenda in neutral zone.
19:18 of 2nd period - Shot by Simon Ryfors.
19:18 of 2nd period - Deflect By Jeff Malott.
19:18 of 2nd period - Shot Misses the Net.
19:20 of 2nd period - Shot by Ryker Evans.
19:20 of 2nd period - Shot Misses the Net.
19:21 of 2nd period - Minor Penalty to Kristopher Letang for Hooking.
19:22 of 2nd period - Andrei Kuzmenko wins face-off versus Jonathan Miller in PHOENIX MUSTANGS zone.
19:27 of 2nd period - Shot by Rickard Rakell.
19:27 of 2nd period - Shot Misses the Net.
19:29 of 2nd period - Shot by Andrei Kuzmenko.
19:29 of 2nd period - Deflect By Rickard Rakell.
19:29 of 2nd period - Shot Blocked by Jeff Petry.
19:31 of 2nd period - Shot by Andrei Kuzmenko.
19:31 of 2nd period - Shot Misses the Net.
19:38 of 2nd period - Shot by Rickard Rakell.
19:38 of 2nd period - Shot Blocked by Jeff Petry.
19:40 of 2nd period - Shot by Zach Bogosian.
19:40 of 2nd period - Shot Blocked by Tom Wilson.
19:42 of 2nd period - Shot by Marc-Edouard Vlasic.
19:42 of 2nd period - Shot Misses the Net.
19:46 of 2nd period - Shot by Andrei Kuzmenko.
19:46 of 2nd period - Shot Blocked by Jonathan Miller.
19:48 of 2nd period - Shot by Marc-Edouard Vlasic.
19:48 of 2nd period - Shot Misses the Net.
Goals for this period are 2 for REGINA FALCONS vs 1 for PHOENIX MUSTANGS.
Shots for this period are 7 for REGINA FALCONS vs 19 for PHOENIX MUSTANGS.

3rd period


0:01 of 3rd period - Jonathan Miller wins face-off versus Rickard Rakell in neutral zone.
0:01 of 3rd period - Jonathan Miller is hit by Max Jones.
0:20 of 3rd period - Icing by Rickard Rakell.
0:21 of 3rd period - Jonathan Miller wins face-off versus Andrei Kuzmenko in REGINA FALCONS zone.
0:21 of 3rd period - Jonathan Miller is hit by Zach Bogosian.
0:39 of 3rd period - Shot by Andrei Kuzmenko.
0:39 of 3rd period - Deflect By Rickard Rakell.
0:39 of 3rd period - Shot Misses the Net.
1:25 of 3rd period - Shot by Simon Ryfors.
1:25 of 3rd period - Shot Blocked by Torey Krug.
1:27 of 3rd period - Shot by Ryker Evans.
1:27 of 3rd period - Stopped by Jake Allen without a rebound.
1:28 of 3rd period - Alexander Kerfoot wins face-off versus Andrew Copp in PHOENIX MUSTANGS zone.
1:49 of 3rd period - Shot by Dominik Kubalik.
1:49 of 3rd period - Stopped by Jake Allen without a rebound.
1:50 of 3rd period - Jonathan Miller wins face-off versus Simon Ryfors in PHOENIX MUSTANGS zone.
2:12 of 3rd period - Icing by Jonathan Miller.
2:13 of 3rd period - Jonathan Miller wins face-off versus Alexander Kerfoot in PHOENIX MUSTANGS zone.
2:13 of 3rd period - Jonathan Miller is hit by Alexander Kerfoot.
2:46 of 3rd period - Shot by Tom Wilson.
2:46 of 3rd period - Stopped by Anton Khudobin without a rebound.
2:47 of 3rd period - Rickard Rakell wins face-off versus Jesper Fast in REGINA FALCONS zone.
2:54 of 3rd period - Shot by Max Jones.
2:54 of 3rd period - Shot Misses the Net.
3:15 of 3rd period - Andrew Copp is hit by Max Jones and loses puck.
3:29 of 3rd period - Shot by Andrew Copp.
3:29 of 3rd period - Shot Blocked by Marc-Edouard Vlasic.
5:23 of 3rd period - Shot by Jonathan Miller.
5:23 of 3rd period - Stopped by Anton Khudobin without a rebound.
5:24 of 3rd period - Jonathan Miller wins face-off versus Alexander Kerfoot in REGINA FALCONS zone.
5:25 of 3rd period - Shot by Tom Wilson.
5:25 of 3rd period - Shot Misses the Net.
5:29 of 3rd period - Shot by Jonathan Miller.
5:29 of 3rd period - Deflect By Tom Wilson.
5:29 of 3rd period - Shot Misses the Net.
5:31 of 3rd period - Shot by Andreas Athanasiou.
5:31 of 3rd period - Deflect By Jonathan Miller.
5:31 of 3rd period - Shot Hit the Post.
5:42 of 3rd period - Shot by Jonathan Miller.
5:42 of 3rd period - Shot Misses the Net.
5:44 of 3rd period - Shot by Connor Clifton.
5:44 of 3rd period - Shot Hit the Post.
6:12 of 3rd period - Shot by Andrew Copp.
6:12 of 3rd period - Stopped by Anton Khudobin without a rebound.
6:13 of 3rd period - Juuso Parssinen wins face-off versus Rickard Rakell in REGINA FALCONS zone.
8:12 of 3rd period - Shot by Pierre-Olivier Joseph.
8:12 of 3rd period - Shot Misses the Net.
8:14 of 3rd period - Shot by Pierre-Olivier Joseph.
8:14 of 3rd period - Shot Misses the Net.
8:18 of 3rd period - Shot by Simon Ryfors.
8:18 of 3rd period - Goal by Simon Ryfors - REGINA FALCONS : 4 - PHOENIX MUSTANGS : 2.
8:18 of 3rd period - Anton Forsberg enters game.
8:19 of 3rd period - Jonathan Miller wins face-off versus Egor Afanasyev in neutral zone.
8:45 of 3rd period - Shot by Jeff Petry.
8:45 of 3rd period - Stopped by Anton Khudobin without a rebound.
8:46 of 3rd period - Jesper Fast wins face-off versus Simon Ryfors in REGINA FALCONS zone.
9:12 of 3rd period - Shot by Simon Ryfors.
9:12 of 3rd period - Stopped by Anton Forsberg without a rebound.
9:13 of 3rd period - Jonathan Miller wins face-off versus Rickard Rakell in PHOENIX MUSTANGS zone.
9:40 of 3rd period - Shot by Christian Fischer.
9:40 of 3rd period - Shot Misses the Net.
9:53 of 3rd period - Christian Fischer is hit by Zach Bogosian.
10:49 of 3rd period - Pierre-Olivier Joseph is hit by Jesper Fast and loses puck.
11:04 of 3rd period - Shot by Jonathan Miller.
11:04 of 3rd period - Stopped by Anton Khudobin without a rebound.
11:05 of 3rd period - Jonathan Miller wins face-off versus Alexander Kerfoot in REGINA FALCONS zone.
11:10 of 3rd period - Shot by Tom Wilson.
11:10 of 3rd period - Deflect By Jonathan Miller.
11:10 of 3rd period - Shot Misses the Net.
11:12 of 3rd period - Shot by Jeff Petry.
11:12 of 3rd period - Deflect By Jonathan Miller.
11:12 of 3rd period - Stopped by Anton Khudobin with a rebound.
11:14 of 3rd period - Shot by Jeff Petry.
11:14 of 3rd period - Stopped by Anton Khudobin without a rebound.
11:15 of 3rd period - Alexander Kerfoot wins face-off versus Jonathan Miller in REGINA FALCONS zone.
11:22 of 3rd period - Shot by Dominik Kubalik.
11:22 of 3rd period - Shot Blocked by Radko Gudas.
12:11 of 3rd period - Shot by Conor Sheary.
12:11 of 3rd period - Stopped by Anton Khudobin without a rebound.
12:12 of 3rd period - Andrew Copp wins face-off versus Rickard Rakell in REGINA FALCONS zone.
12:22 of 3rd period - Icing by Marc-Edouard Vlasic.
12:23 of 3rd period - Juuso Parssinen wins face-off versus Rickard Rakell in REGINA FALCONS zone.
13:13 of 3rd period - Jonathan Miller is hit by Max Jones and loses puck.
13:25 of 3rd period - Off-side.
13:26 of 3rd period - Simon Ryfors wins face-off versus Jonathan Miller in neutral zone.
13:39 of 3rd period - Shot by Jonathan Miller.
13:39 of 3rd period - Shot Misses the Net.
13:59 of 3rd period - Shot by Jonathan Miller.
13:59 of 3rd period - Stopped by Anton Khudobin with a rebound.
14:36 of 3rd period - Shot by Alexander Kerfoot.
14:36 of 3rd period - Deflect By Dominik Kubalik.
14:36 of 3rd period - Stopped by Anton Forsberg without a rebound.
14:37 of 3rd period - Juuso Parssinen wins face-off versus Andrei Kuzmenko in PHOENIX MUSTANGS zone.
14:42 of 3rd period - Shot by Andrei Kuzmenko.
14:42 of 3rd period - Shot Blocked by Kristopher Letang.
15:28 of 3rd period - Off-side.
15:29 of 3rd period - Jonathan Miller wins face-off versus Alexander Kerfoot in neutral zone.
15:53 of 3rd period - Shot by Tom Wilson.
15:53 of 3rd period - Shot Misses the Net.
15:55 of 3rd period - Shot by Jonathan Miller.
15:55 of 3rd period - Shot Misses the Net.
15:57 of 3rd period - Shot by Tom Wilson.
15:57 of 3rd period - Stopped by Anton Khudobin without a rebound.
15:58 of 3rd period - Andrew Copp wins face-off versus Pavol Regenda in REGINA FALCONS zone.
16:03 of 3rd period - Shot by Andrew Copp.
16:03 of 3rd period - Stopped by Anton Khudobin without a rebound.
16:04 of 3rd period - Simon Ryfors wins face-off versus Andrew Copp in REGINA FALCONS zone.
16:09 of 3rd period - Minor Penalty to Jeff Malott for Hooking.
16:10 of 3rd period - Rickard Rakell wins face-off versus Juuso Parssinen in REGINA FALCONS zone.
16:22 of 3rd period - Shot by Andreas Athanasiou.
16:22 of 3rd period - Shot Misses the Net.
16:24 of 3rd period - Shot by Kristopher Letang.
16:24 of 3rd period - Deflect By Andreas Athanasiou.
16:24 of 3rd period - Stopped by Anton Khudobin without a rebound.
16:25 of 3rd period - Jonathan Miller wins face-off versus Rickard Rakell in REGINA FALCONS zone.
16:28 of 3rd period - Shot by Jonathan Miller.
16:28 of 3rd period - Shot Misses the Net.
16:30 of 3rd period - Shot by Andrew Copp.
16:30 of 3rd period - Stopped by Anton Khudobin without a rebound.
16:31 of 3rd period - Juuso Parssinen wins face-off versus Rickard Rakell in REGINA FALCONS zone.
16:32 of 3rd period - Shot by Jeff Petry.
16:32 of 3rd period - Shot Blocked by Marc-Edouard Vlasic.
16:58 of 3rd period - Shot by Jeff Petry.
16:58 of 3rd period - Shot Misses the Net.
17:09 of 3rd period - Tom Wilson is hit by Marco Scandella and loses puck.
17:56 of 3rd period - Shot by Andrew Copp.
17:56 of 3rd period - Shot Misses the Net.
18:36 of 3rd period - Shot by Andrew Copp.
18:36 of 3rd period - Shot Misses the Net.
18:38 of 3rd period - Shot by Ilya Lyubushkin.
18:38 of 3rd period - Stopped by Anton Khudobin without a rebound.
18:39 of 3rd period - Jonathan Miller wins face-off versus Rickard Rakell in REGINA FALCONS zone.
18:48 of 3rd period - Minor Penalty to Pierre-Olivier Joseph for Hooking.
18:49 of 3rd period - Jonathan Miller wins face-off versus Rickard Rakell in REGINA FALCONS zone.
19:30 of 3rd period - Shot by Dominik Kubalik.
19:30 of 3rd period - Stopped by Anton Forsberg with a rebound.
19:51 of 3rd period - Icing by Jonathan Miller.
19:52 of 3rd period - Rickard Rakell wins face-off versus Jonathan Miller in PHOENIX MUSTANGS zone.
Goals for this period are 1 for REGINA FALCONS vs 0 for PHOENIX MUSTANGS.
Shots for this period are 6 for REGINA FALCONS vs 14 for PHOENIX MUSTANGS.


BLAKE
WHEELER
STEVEN
STAMKOS
DREW
DOUGHTY

EAST COAST

HOCKEY LEAGUE

  • 63.RHI2PIT5
  • 64.WOR4ATL3
  • 65.QUECHW
  • 66.CHATRV